 Dungeon Crawl Stone Soup version 0.28.0-1-gb440e238dd (webtiles) character file.

Game seed: 14697922972502259672

5799 MacCMillion the Cleaver (level 10, 0/99 HPs)
             Began as a Gargoyle Fighter on Feb 23, 2022.
             Was a Priest of Makhleb.
             Slain by a five-headed hydra (4 damage)
             ... on level 1 of the Lair of Beasts.
             The game lasted 00:30:29 (8618 turns).

MacCMillion the Cleaver (Gargoyle Fighter)          Turns: 8618, Time: 00:30:30

Health: 0/99       AC: 25    Str: 23    XL:     10   Next: 79%
Magic:  0/16       EV:  2    Int: 10    God:    Makhleb [***...]
Gold:   488        SH:  4    Dex:  9    Spells: 9/9 levels left

rFire   . . .      SeeInvis .   y - +4 mace
rCold   . . .      Faith    .   c - +0 buckler
rNeg    + . .      Spirit   +   (armour currently unavailable)
rPois   ∞          Reflect  .   (helmet currently unavailable)
rElec   .          Harm     .   (cloak currently unavailable)
rCorr   +          Rampage  .   (gloves currently unavailable)
Will    .....      NoTele   +   (boots currently unavailable)
Stlth   +.........              z - amulet of guardian spirit
HPRegen 0.26/turn               n - ring of resist corrosion
MPRegen 0.15/turn               (no ring)

@: tree-form
A: stationary, stasis, torment immunity, boosted hp, sickness immunity, AC +7,
negative energy resistance 1, (electricity resistance), torment resistance 1,
petrification resistance
a: Renounce Religion, Minor Destruction, Lesser Servant of Makhleb


You were on level 1 of the Lair of Beasts.
You worshipped Makhleb.
Makhleb was most pleased with you.
You were a tree.
You visited 2 branches of the dungeon, and saw 10 of its levels.

You collected 488 gold pieces.

Inventory:

Hand Weapons
 a - a +0 flail
 t - the +8 hand axe of Ziumeono {vorpal, Will++ Str+2}
   (You found it on level 5 of the Dungeon)

   It inflicts extra damage upon your enemies.
   Str:       It affects your strength (+2).
   Will:      It greatly increases your willpower.
 x - a +2 mace of freezing
 y - a +4 mace (weapon)
Missiles
 f - 26 poisoned darts (quivered)
Armour
 c - a +0 buckler (worn)
 e - quicksilver dragon scales (melded)
 o - a +2 hat (melded)
 C - a +0 cloak (melded)
 E - a +0 pair of boots (melded)
Jewellery
 l - a ring of willpower
 n - a ring of resist corrosion (left branch)
 z - an amulet of guardian spirit (around neck)
Wands
 b - a wand of paralysis (8)
 j - a wand of flame (39)
 D - a wand of digging (4)
Scrolls
 g - a scroll of magic mapping {unknown}
 h - a scroll of teleportation {unknown}
 r - 2 scrolls of noise {unknown}
 u - 2 scrolls of blinking {unknown}
 w - a scroll of torment {unknown}
 B - 2 scrolls of identify
 G - a scroll of amnesia {unknown}
Potions
 d - 3 potions of might
 i - 4 potions of curing
 k - 2 potions of mutation
 m - 2 potions of attraction
 p - 3 potions of resistance
 q - a potion of lignification
 s - 2 potions of heal wounds {unknown}
 v - 2 potions of degeneration
 A - 2 potions of berserk rage
 H - a potion of brilliance {unknown}


   Skills:
 + Level 9.0 Fighting
 * Level 9.2(9.5) Axes
 - Level 3.6(7.3) Maces & Flails
 - Level 3.0 Throwing
 - Level 5.0 Armour
 - Level 4.0 Shields
 + Level 8.0 Invocations


You had 9 spell levels left.
You didn't know any spells.
Your spell library contained the following spells:

 Spells                   Type           Power      Damage    Failure   Level
 Magic Dart               Conj           0%         1d3       43%         1
 Searing Ray              Conj           0%         2d4       58%         2
 Call Canine Familiar     Summ           0%         N/A       82%         3
 Gell's Gravitas          Tloc           0%         N/A       82%         3
 Lesser Beckoning         Tloc           0%         N/A       82%         3
 Portal Projectile        Hex/Tloc       0%         N/A       82%         3
 Teleport Other           Tloc           0%         N/A       82%         3
 Fulminant Prism          Conj/Hex       0%         3d6       99%         4
 Leda's Liquefaction      Hex/Erth       0%         N/A       99%         4


Dungeon Overview and Level Annotations

Branches:
Dungeon (9/15)             Temple (0/1) D:7            Lair (1/6) D:8
    Orc: D:9-12

Altars:
Fedhas
Hepliaklqana
Makhleb
Zin
The Shining One


Innate Abilities, Weirdness & Mutations

You are a tree.
Your roots penetrate the ground, keeping you stationary.
You cannot be teleported.
You are immune to unholy pain and torment.
Your maximum health is greatly increased.
Your equipment is partially melded.
You are immune to sickness and miasma.
((Your stone body is resilient. (AC +7)))
You are immune to poison.
You resist negative energy. (rN+)
((You are resistant to electric shocks. (rElec)))
You are resistant to unholy torment.
You are immune to petrification.


Message History

The five-headed hydra bites you. The five-headed hydra bites you!
The five-headed hydra bites you but does no damage. x2
The five-headed hydra closely misses you.
You hit the five-headed hydra.
The five-headed hydra is severely wounded.
The five-headed hydra bites you but does no damage. x3
The five-headed hydra barely misses you.
The five-headed hydra bites you but does no damage.
The five-headed hydra completely misses you.
The five-headed hydra bites you but does no damage.
The five-headed hydra barely misses you.
The five-headed hydra bites you. The five-headed hydra bites you!
* * * LOW HITPOINT WARNING * * *
You sock the five-headed hydra!
The five-headed hydra is severely wounded.
The five-headed hydra misses you.
The five-headed hydra bites you but does no damage. x3
The five-headed hydra barely misses you.
You barely miss the five-headed hydra.
The five-headed hydra is severely wounded.
The five-headed hydra bites you!
* * * LOW HITPOINT WARNING * * *
The five-headed hydra bites you.
* * * LOW HITPOINT WARNING * * *
The five-headed hydra closely misses you.
The five-headed hydra bites you but does no damage. x2
Okay, then.
Okay, then.
It was a potion of lignification.
You turn into a tree.
Your +0 cloak melds into your body.
Your +2 hat melds into your body.
Your +0 pair of boots melds into your body.
Your quicksilver dragon scales melds into your body.
Your roots penetrate the ground.
The five-headed hydra bites you but does no damage. x2
The five-headed hydra bites you.
* * * LOW HITPOINT WARNING * * *
The five-headed hydra bites you.
* * * LOW HITPOINT WARNING * * *
The five-headed hydra bites you.
You die...

#......P..
#.......S. ######
#.........
###....###.........
##.......^##..P.....
#..........#......#
............#....##
....≈.......##P#.#
...≈≈≈.♣D≈..#### .#
..≈≈≈≈≈..≈...#
..≈≈≈≈≈≈≈≈≈..#
..≈≈≈≈≈≈≈≈≈≈....#
...≈≈≈≈≈≈≈≈.>.###
...≈≈≈≈≈≈≈≈..##
....≈.≈≈b...#.#
..........#####
###..#


You could see a five-headed hydra.

Vanquished Creatures
  A two-headed ogre (D:7)
  A troll (D:9)
  A hornet (D:9)
  Prince Ribbit (D:8)
  A shadow (D:9)
  2 steam dragons
  An acid dragon (D:8)
  6 orc warriors
  A black bear (D:8)
  A hornet zombie (D:6)
  8 ogres
  4 centaurs
  3 kobold brigands
  A bullfrog (D:9)
  3 gnoll sergeants
  2 scorpions
  A wyvern skeleton (D:5)
  9 wights (D:6)
  6 howler monkeys
  A centaur zombie (D:8)
  A jelly (D:6)
  A hound (D:7)
  10 orc priests
  A bullfrog skeleton (D:6)
  2 gnoll shamans
  An iguana (D:5)
  9 orc wizards
  A killer bee zombie (D:9)
  16 gnolls
  A howler monkey skeleton (D:6)
  7 adders
  3 shadow imps
  A white imp (D:5)
  An adder zombie (D:5)
  2 adder skeletons (D:4)
  2 worms
  2 dart slugs
  23 orcs
  4 bats
  3 giant cockroaches
  8 goblins
  8 hobgoblins
  11 jackals
  10 kobolds
  4 quokkas
  4 ball pythons
  4 frilled lizards
  7 rats
201 creatures vanquished.

Vanquished Creatures (others)
  A withered plant (D:1)
1 creature vanquished.

Grand Total: 202 creatures vanquished

Notes
Turn   | Place    | Note
-------+----------+-------------------------------------------
     0 | D:1      | MacCMillion the Gargoyle Fighter began the quest for the
                  | Orb.
     0 | D:1      | Reached XP level 1. HP: 14/14 MP: 1/1
   191 | D:1      | Reached XP level 2. HP: 19/19 MP: 2/2
   545 | D:1      | Found a faded altar of an unknown god.
   739 | D:1      | Reached XP level 3. HP: 23/23 MP: 3/3
  1119 | D:2      | You fall into a shaft and drop 2 floors!
  1137 | D:4      | Reached XP level 4. HP: 19/29 MP: 4/4
  1392 | D:3      | Found a burning altar of Makhleb.
  1394 | D:3      | Became a worshipper of Makhleb the Destroyer
  2150 | D:3      | Reached skill level 1 in Invocations
  2150 | D:3      | Reached XP level 5. HP: 30/33 MP: 5/5
  2984 | D:5      | Entered Level 5 of the Dungeon
  3239 | D:4      | Noticed an orc warrior
  3254 | D:5      | Reached XP level 6. HP: 15/39 MP: 7/7
  3454 | D:5      | Identified the +8 hand axe of Ziumeono {vorpal, Will++
                  | Str+2}
  3525 | D:5      | Reached skill level 1 in Axes
  3761 | D:5      | Reached XP level 7. HP: 42/44 MP: 8/8
  3788 | D:5      | Reached skill level 5 in Armour
  3799 | D:5      | Reached * piety under Makhleb
  3882 | D:5      | Reached skill level 5 in Fighting
  4522 | D:6      | Reached XP level 8. HP: 42/50 MP: 10/10
  4524 | D:6      | Reached skill level 1 in Throwing
  5023 | D:6      | Found a hazy altar of Hepliaklqana.
  5248 | D:6      | Reached ** piety under Makhleb
  5249 | D:6      | Reached skill level 5 in Axes
  5602 | D:7      | Noticed a two-headed ogre
  5728 | D:7      | Found a staircase to the Ecumenical Temple.
  5831 | D:7      | Reached skill level 5 in Invocations
  5831 | D:7      | Reached XP level 9. HP: 56/56 MP: 12/12
  6630 | D:7      | Noticed a two-headed ogre
  6686 | D:7      | Killed a two-headed ogre
  6687 | D:7      | Reached XP level 10. HP: 53/64 MP: 13/15
  7113 | D:8      | Reached *** piety under Makhleb
  7574 | D:8      | Found a staircase to the Lair.
  7638 | D:8      | Noticed Prince Ribbit
  7649 | D:8      | Killed Prince Ribbit
  8011 | D:9      | Found a faded altar of an unknown god.
  8076 | D:9      | Identified the -3 pair of boots of Midnight {rElec Int+3}
  8078 | D:9      | Identified the +1 robe of the Moon {rC+ Str+8}
  8143 | D:9      | Found a glowing golden altar of the Shining One.
  8529 | D:8      | Found a blossoming altar of Fedhas.
  8529 | D:8      | Found a glowing silver altar of Zin.
  8583 | Lair:1   | Entered Level 1 of the Lair of Beasts
  8598 | Lair:1   | Noticed a five-headed hydra
  8618 | Lair:1   | HP: 4/99 [five-headed hydra (5)]
  8618 | Lair:1   | Slain by a five-headed hydra

Illustrated notes

Levels and vault maps discovered:
D:1:      lordsloth_arrival_two_stooges, layout_loops_corners,
          ebering_ecumenical_altar_petrified, minmay_misc_feat_enclosed,
          minmay_splitting_lines
D:2:      layout_basic
D:3:      layout_loops_ring, lightli_temple_of_fire, minmay_misc_feat_tower
D:4:      layout_rooms
D:5:      layout_rooms, serial_glass, glass_columns_c, glass_columns_a,
          due_unseen_surprise, minmay_strange_pillars, item_on_display_a
D:6:      layout_loops_ring, mainiacjoe_overflow_small_starburst
D:7:      lemuel_castle_with_subvaults [lemuel_castle_interior_carwin_1],
          layout_loops_ring, minmay_temple_entry_enclosed_plants
D:8:      layout_rooms, nicolae_overflow_hidden_temple, lair_entry_dummy,
          uniq_prince_ribbit1
D:9:      layout_cross, mainiacjoe_overflow_alcove_1, serial_column_ruins,
          column_ruins_temple_hall, column_ruins_columns_straight,
          column_ruins_open_small, column_ruins_open_small,
          column_ruins_open_small, column_ruins_grid_3
Lair:1:   beast_lair_carwin_large_1, layout_cave_pods, lemuel_fruit_fields,
          grunt_megastairs_2, serial_bayou_shore_b, serial_bayou_shore_a,
          infiniplex_staircase_pool

Skill      XL: |  1  2  3  4  5  6  7  8  9 10 |
---------------+-------------------------------+-----
Armour         | 4 5 |  5.0
Shields        | 4 |  4.0
Fighting       | 4 5 6 7 9 |  9.0
Invocations    | 1 2 3 5 6 8 |  8.0
Maces & Flails | 3 |  3.6
Axes           | 2 3 5 7 9 |  9.2
Throwing       | 2 3 |  3.0

Action                   |  1- 3 |  4- 6 |  7- 9 | 10-12 || total
-------------------------+-------+-------+-------+-------++-------
Melee: Flail             |   131 |   141 |       |       ||   272
       Hand axe          |       |    41 |   183 |   154 ||   378
       Mace              |       |       |       |     8 ||     8
Throw: Dart              |     1 |     2 |    41 |    12 ||    56
Evoke: Wand              |       |       |     1 |     4 ||     5
  Use: Scroll            |       |       |     6 |       ||     6
       Potion            |       |       |       |     1 ||     1
Armor: Scale mail        |     6 |       |       |       ||     6
       Quicksilver drago |    82 |   113 |    63 |   131 ||   389
       Skin              |       |       |       |     2 ||     2
Dodge: Dodged            |   106 |   113 |    50 |    79 ||   348
Block: Buckler           |    28 |    49 |    32 |    29 ||   138
